General information
- name: BNet
- type: Ladder team game (AT/RT)
- host: Battle.net
- saver: SERIOUSCRAFT
map: CentaurGrove
- players: 4
- length: 21:20
- speed: Fast
- version: 1.24 W3XP
- replay type: Public
» download(94 KB)
Players
team 1 (loser)
IslandApache (
pink | 37 APM | 786 actions | 21:17)
3 Blood Mage
2 Flame Strike
1 Banish
» actions
| Assign group hotkey | 17 | |
| Basic commands | 20 | |
| Build / train | 48 | |
| Enter build submenu | 18 | |
| Enter hero's abilities submenu | 3 | |
| Right click | 403 | |
| Select / deselect | 228 | |
| Select group hotkey | 18 | |
| Use ability | 31 | |
786 total
» units
| Peasant | 17 | |
| Footman | 11 | |
| Priest | 2 | |
| Knight | 3 | |
33 total
» upgrades
» buildings
| Altar of Kings | 1 | |
| Barracks | 2 | |
| Farm | 4 | |
| Scout Tower | 6 | |
| Arcane Vault | 2 | |
| Keep | 1 | |
| Arcane Tower | 3 | |
| Arcane Sanctum | 1 | |
| Castle | 1 | |
| Blacksmith | 1 | |
| Lumber Mill | 1 | |
23 total
» build order
00:15 Altar of Kings
00:20 Barracks
00:48 Farm
01:33 Farm
02:15 Farm
02:58 Scout Tower
03:40 Arcane Vault
04:00 Farm
04:14 Barracks
05:29 Scout Tower
05:51 Keep
06:00 Arcane Tower
10:47 Arcane Vault
11:23 Arcane Sanctum
12:24 Scout Tower
12:33 Scout Tower
13:03 Arcane Tower
13:07 Castle
14:10 Blacksmith
16:01 Scout Tower
16:57 Scout Tower
17:14 Lumber Mill
18:11 Arcane Tower
» items
| Scroll of Regeneration | 1 | |
| Potion of Mana | 2 | |
| Potion of Healing | 1 | |
4 total
NeoBaha(V)ut (
purple | 91 APM | 1923 actions | 21:13)
3 Tauren Chieftain
2 Shockwave
1 Endurance Aura
2 Shadow Hunter
1 Healing Wave
1 Hex
» actions
| Assign group hotkey | 42 | |
| Basic commands | 119 | |
| Build / train | 63 | |
| ESC pressed | 6 | |
| Enter build submenu | 17 | |
| Enter hero's abilities submenu | 5 | |
| Right click | 814 | |
| Select / deselect | 368 | |
| Select group hotkey | 438 | |
| Use ability | 51 | |
1923 total
» units
| Peon | 8 | |
| Grunt | 1 | |
| Troll Headhunter/Berserker | 27 | |
| Troll Witch Doctor | 5 | |
| Spirit Walker | 1 | |
| Demolisher | 1 | |
43 total
» upgrades
| Ranged Weapons | 2 | |
| Witch Doctor Training | 2 | |
| Berserker Upgrade | 1 | |
| Spirit Walker Training | 1 | |
| Armor | 1 | |
7 total
» buildings
| Altar of Storms | 1 | |
| Orc Burrow | 7 | |
| Barracks | 2 | |
| War Mill | 1 | |
| Stronghold | 2 | |
| Voodoo Lounge | 1 | |
| Fortress | 1 | |
| Spirit Lodge | 2 | |
| Great Hall | 1 | |
18 total
» build order
00:05 Altar of Storms
00:18 Orc Burrow
01:08 Barracks
01:34 Barracks
01:42 War Mill
02:01 Orc Burrow
02:48 Orc Burrow
05:30 Stronghold
05:31 Stronghold
05:38 Orc Burrow
07:12 Orc Burrow
07:43 Voodoo Lounge
07:57 Fortress
08:00 Spirit Lodge
08:02 Spirit Lodge
16:30 Orc Burrow
16:32 Orc Burrow
19:33 Great Hall
» items
| Healing Salve | 1 | |
| Scroll of Town Portal | 1 | |
| Potion of Mana | 1 | |
3 total
team 2 (winner)
KeKeZergRush (
red | 68 APM | 1442 actions | 21:17)
3 Mountain King
2 Storm Bolt
1 Bash
3 Paladin
2 Holy Light
1 Divine Shield
» actions
| Assign group hotkey | 5 | |
| Basic commands | 1 | |
| Build / train | 69 | |
| Enter build submenu | 35 | |
| Enter hero's abilities submenu | 6 | |
| Give item / drop item | 3 | |
| Right click | 530 | |
| Select / deselect | 202 | |
| Select group hotkey | 483 | |
| Use ability | 108 | |
1442 total
» units
» upgrades
| Lumber Harvesting | 2 | |
| Masonry | 3 | |
| Gunpowder | 3 | |
| Barrage | 1 | |
| Plating | 2 | |
| Magic Sentry | 1 | |
12 total
» buildings
| Altar of Kings | 1 | |
| Farm | 6 | |
| Lumber Mill | 1 | |
| Scout Tower | 39 | |
| Arcane Tower | 1 | |
| Guard Tower | 20 | |
| Keep | 1 | |
| Castle | 1 | |
| Blacksmith | 1 | |
| Arcane Sanctum | 1 | |
| Town Hall | 1 | |
| Workshop | 2 | |
| Arcane Vault | 1 | |
76 total
» build order
00:08 Altar of Kings
00:11 Farm
00:22 Lumber Mill
00:41 Farm
01:17 Scout Tower
01:24 Scout Tower
01:46 Arcane Tower
01:55 Guard Tower
02:17 Scout Tower
02:18 Scout Tower
02:23 Scout Tower
02:25 Scout Tower
03:11 Keep
03:18 Guard Tower
03:21 Scout Tower
03:24 Scout Tower
03:48 Guard Tower
03:50 Guard Tower
04:18 Guard Tower
04:21 Scout Tower
04:23 Scout Tower
05:15 Guard Tower
05:20 Guard Tower
05:28 Scout Tower
05:30 Scout Tower
05:31 Scout Tower
05:40 Farm
06:10 Castle
06:12 Guard Tower
07:25 Guard Tower
07:27 Scout Tower
07:30 Scout Tower
07:30 Scout Tower
07:59 Guard Tower
09:01 Guard Tower
10:38 Blacksmith
10:53 Scout Tower
10:54 Scout Tower
10:55 Scout Tower
10:56 Scout Tower
10:57 Scout Tower
10:58 Scout Tower
11:24 Arcane Sanctum
11:29 Guard Tower
13:37 Town Hall
13:50 Workshop
13:54 Workshop
14:03 Guard Tower
14:22 Scout Tower
14:23 Scout Tower
14:24 Scout Tower
14:25 Scout Tower
14:29 Scout Tower
14:30 Scout Tower
14:31 Scout Tower
14:31 Scout Tower
14:33 Scout Tower
14:34 Scout Tower
14:35 Scout Tower
14:36 Scout Tower
14:37 Scout Tower
14:38 Scout Tower
14:39 Scout Tower
14:56 Guard Tower
15:30 Farm
15:31 Farm
15:33 Farm
15:38 Guard Tower
15:52 Guard Tower
16:34 Guard Tower
16:50 Arcane Vault
16:58 Guard Tower
17:42 Guard Tower
18:22 Guard Tower
20:02 Scout Tower
20:03 Scout Tower
» items
| Boots of Speed | 2 | |
| Staff of Teleportation | 2 | |
| Healing Salve | 1 | |
| Lesser Clarity Potion | 1 | |
| Orb of Lightning | 1 | |
| Staff of Sanctuary | 1 | |
8 total
SERIOUSCRAFT (
blue | 57 APM | 1218 actions | 21:20)
5 Blademaster
3 Wind Walk
2 Critical Strike
» actions
| Assign group hotkey | 5 | |
| Build / train | 55 | |
| Enter build submenu | 23 | |
| Enter hero's abilities submenu | 5 | |
| Give item / drop item | 4 | |
| Right click | 762 | |
| Select / deselect | 154 | |
| Select group hotkey | 124 | |
| Use ability | 85 | |
1218 total
» units
» upgrades
| Spiked Barricades | 1 | |
| Ranged Weapons | 3 | |
| Armor | 2 | |
| Liquid Fire | 1 | |
| Reinforced Defenses | 1 | |
8 total
» buildings
| Altar of Storms | 1 | |
| Orc Burrow | 5 | |
| War Mill | 2 | |
| Voodoo Lounge | 1 | |
| Watch Tower | 25 | |
| Stronghold | 1 | |
| Beastiary | 2 | |
| Fortress | 1 | |
38 total
» build order
00:07 Altar of Storms
00:19 Orc Burrow
00:50 War Mill
00:52 War Mill
01:15 Voodoo Lounge
02:06 Watch Tower
02:13 Watch Tower
02:33 Orc Burrow
03:40 Watch Tower
03:49 Watch Tower
05:18 Stronghold
05:30 Watch Tower
05:31 Watch Tower
05:54 Watch Tower
05:56 Watch Tower
06:30 Orc Burrow
06:47 Watch Tower
07:55 Watch Tower
08:05 Beastiary
08:06 Beastiary
08:13 Orc Burrow
08:14 Orc Burrow
08:33 Watch Tower
08:35 Watch Tower
08:36 Watch Tower
11:03 Fortress
11:14 Watch Tower
11:15 Watch Tower
11:22 Watch Tower
11:24 Watch Tower
15:17 Watch Tower
15:18 Watch Tower
15:20 Watch Tower
20:20 Watch Tower
20:25 Watch Tower
20:26 Watch Tower
20:27 Watch Tower
20:28 Watch Tower
» items
| Healing Salve | 2 | |
| Lesser Clarity Potion | 5 | |
| Boots of Speed | 1 | |
| Circlet of Nobility | 1 | |
| Staff of Teleportation | 1 | |
| Potion of Mana | 1 | |
| Orb of Lightning | 1 | |
12 total
Chat log
(00:15 / Allies) KeKeZergRush: orc and hum
(00:18 / Allies) KeKeZergRush: what you think first
(00:26 / Allies) SERIOUSCRAFT: pally mk tanks
(00:32 / Allies) KeKeZergRush: pally first>
(00:37 / Allies) SERIOUSCRAFT: mk first
(00:43 / Allies) KeKeZergRush: k
(03:06 / Allies) KeKeZergRush: tc and grunts
(03:09 / Allies) KeKeZergRush: for orc
(03:55 / Allies) KeKeZergRush: mk slow as shit
(03:58 / Allies) SERIOUSCRAFT: get boots
(04:15 / Allies) KeKeZergRush: pink again
(04:23 / Allies) SERIOUSCRAFT: see if we can nuke bme
(04:37 / Allies) SERIOUSCRAFT: stole mantle
(05:19 / Allies) SERIOUSCRAFT: got im
(05:22 / Allies) KeKeZergRush: nice
(06:39 / Allies) SERIOUSCRAFT: share
(07:10 / Allies) SERIOUSCRAFT: kill gold
(07:41 / Allies) KeKeZergRush: units?
(07:45 / Allies) KeKeZergRush: morts
(09:22 / Allies) KeKeZergRush: tc
(10:24 / Allies) SERIOUSCRAFT: gj
(10:34 / Allies) SERIOUSCRAFT: lolll
(11:49 / Allies) KeKeZergRush: units?
(11:51 / Allies) KeKeZergRush: morts?
(11:54 / Allies) SERIOUSCRAFT: yeah or tanks
(12:00 / Allies) SERIOUSCRAFT: expo
(13:31 / Allies) SERIOUSCRAFT: pink is getting batted soon
(14:00 / Allies) KeKeZergRush: gonna do tanks instead of morts
(14:02 / Allies) SERIOUSCRAFT: k
(14:43 / Allies) SERIOUSCRAFT: nice expo
(14:45 / Allies) SERIOUSCRAFT: i lold
(14:53 / Allies) SERIOUSCRAFT: b a lil
(14:56 / Allies) SERIOUSCRAFT: im battign him
(15:57 / Allies) KeKeZergRush: shit they saw expo
(16:55 / Allies) SERIOUSCRAFT: build peas
(18:10 / Allies) SERIOUSCRAFT: lol
(21:15 / All) SERIOUSCRAFT: gg
(21:17 / All) SERIOUSCRAFT: shitnooobs